 Dungeon Crawl Stone Soup version 0.21-a0-241-g2cbab09 (webtiles) character file.

108 Chiseanne the Bolt Thrower (level 4, 0/34 HPs)
             Began as a Mummy Wanderer on Sept 3, 2017.
             Killed from afar by Natasha (4 damage)
             ... with a magic dart
             ... on level 2 of the Dungeon.
             The game lasted 00:04:05 (1755 turns).

Chiseanne the Bolt Thrower (Mummy Wanderer)         Turns: 1755, Time: 00:04:05

Health: 0/34       AC:  5    Str: 15    XL:     4   Next: 58%
Magic:  4/4        EV: 11    Int: 14    God:
Gold:   55         SH:  0    Dex:  9    Spells: 3/3 levels left

rFire    x . .     SeeInvis .   w - +2 hand crossbow
rCold    + . .     Gourm    .   (no shield)
rNeg     + + +     Faith    .   i - +0 ring mail
rPois    ∞         Spirit   .   (no helmet)
rElec    .         Reflect  .   (no cloak)
rCorr    .         Harm     .   (no gloves)
MR       .....                  (no boots)
Stlth    +.........             (no amulet)
HPRegen  0.11/turn              (no ring)
MPRegen  0.09/turn              (no ring)

@: slowed, very slow
A: no food or potions, fire vulnerability, cold resistance 1, negative energy
resistance 3, torment resistance, unbreathing
a: no special abilities


You were on level 2 of the Dungeon.
You were not hungry.

You visited 1 branch of the dungeon, and saw 2 of its levels.

You collected 55 gold pieces.

Inventory:

Hand Weapons
 a - a +0 short sword
 w - a +2 hand crossbow (weapon)
Missiles
 b - 20 bolts (quivered)
 d - 38 arrows
 e - 132 stones
Armour
 i - a +0 ring mail (worn)
Jewellery
 j - an uncursed ring of magical power
Scrolls
 c - 5 scrolls of teleportation
 f - a scroll of identify


   Skills:
 * Level 2.4 Fighting
   Level 1.0 Staves
 * Level 3.2 Crossbows
 - Level 1.0 Throwing
 * Level 1.2 Armour
 * Level 2.2 Dodging
 - Level 1.5 Stealth


You had 3 spell levels left.
You didn't know any spells.

Dungeon Overview and Level Annotations

Branches:
Dungeon (2/15)

Altars:
Ashenzari
Uskayaw
Zin
The Shining One

Annotations:
D:2 1 runed door, Natasha


Innate Abilities, Weirdness & Mutations

You do not eat or drink.
Your flesh is vulnerable to fire.
You are immune to poison.
Your flesh is cold resistant. (rC+)
You are immune to negative energy. (rN+++)
You are immune to unholy pain and torment.
You can survive without breathing.


Message History

Firing (i - inventory. (,) - cycle):
b - 23 bolts (quivered)
Press: ? - help, Shift-Dir - straight line, f/p - Natasha
Aim: Natasha (severely wounded)
You shoot a bolt. The bolt closely misses Natasha.
Natasha completely misses you. Natasha claws you.
Firing (i - inventory. (,) - cycle):
b - 22 bolts (quivered)
Press: ? - help, Shift-Dir - straight line, f/p - Natasha
Aim: Natasha (severely wounded)
You shoot a bolt. The bolt closely misses Natasha.
The crimson imp blinks!
Natasha stares at you and mumbles some strange words.
The magic dart hits you! Natasha claws you!
* * * LOW HITPOINT WARNING * * *
Firing (i - inventory. (,) - cycle):
b - 21 bolts (quivered)
Press: ? - help, Shift-Dir - straight line, f/p - Natasha
Aim: Natasha (severely wounded)
You shoot a bolt. The bolt barely misses Natasha.
Natasha claws you.
* * * LOW HITPOINT WARNING * * *
Natasha stares at you and mumbles some strange words.
The magic dart hits you!
You die...

#..# .# ##..# .
###...# ##.
....... #.. .
..#.# ((. #.#
.##.#.# ....###.#
..#.#.#
.....55h.#
#.#...##.... #@#
#.........# #.#
##........# ##.#
#........# ###..#
###...###.#
#...##
.#....###.###.###
....)..##.##..#
#####...#.##.##
##....##.#


You could see Natasha, a crimson imp and a shadow imp.

Vanquished Creatures
  Natasha (D:2)
  Terence (D:2)
  An adder (D:2)
  3 oozes
  2 dart slugs (D:1)
  A ball python (D:1)
  2 bats
  A giant cockroach (D:2)
  7 goblins
  4 hobgoblins
  2 jackals (D:1)
  3 kobolds
  A quokka (D:2)
  2 frilled lizards
  2 rats
33 creatures vanquished.

Notes
Turn   | Place    | Note
-------+----------+-------------------------------------------
     0 | D:1      | Chiseanne the Mummy Wanderer began the quest for the Orb.
     0 | D:1      | Chiseanne set off with: a +2 hand crossbow, 24 bolts, 2 scrolls of teleportation, a +0 robe, a +0 dagger
     0 | D:1      | Reached XP level 1. HP: 15/15 MP: 1/1
   162 | D:1      | Reached XP level 2. HP: 21/21 MP: 2/2
   548 | D:1      | Reached XP level 3. HP: 26/26 MP: 3/3
   803 | D:2      | Noticed Terence
   809 | D:2      | Killed Terence
   809 | D:2      | Reached skill level 3 in Crossbows
  1127 | D:2      | Reached XP level 4. HP: 33/33 MP: 4/4
  1165 | D:2      | Found a runed door.
  1294 | D:2      | Noticed Natasha
  1297 | D:2      | Killed Natasha
  1519 | D:2      | Found a hide-covered altar of Uskayaw.
  1519 | D:2      | Found a glowing golden altar of the Shining One.
  1520 | D:2      | Found a glowing silver altar of Zin.
  1535 | D:2      | Found a shattered altar of Ashenzari.
  1741 | D:2      | Noticed Natasha
  1755 | D:2      | Killed from afar by Natasha

Vault maps used:
D:1:      elethiomel_arrival_shortcut
D:2:      nicolae_overflow_quartered_altars, uniq_terence,
          uniq_crazy_yiuf_cottage, uniq_natasha

Skill      XL: |  1  2  3 |
---------------+----------+-----
Fighting       | 2 |  2.4
Crossbows      | 3 |  3.2
Dodging        | 2 |  2.2
Staves         | |  1.0
Throwing       | |  1.0
Armour         | |  1.2
Stealth        | |  1.5

Action                   |  1- 3 |  4- 6 || total
-------------------------+-------+-------++-------
Melee: Short sword       |     4 |    29 ||    33
 Fire: Hand crossbow     |    51 |    22 ||    73
  Use: Scroll            |       |     6 ||     6
Armor: Robe              |     3 |       ||     3
       Ring mail         |     1 |    16 ||    17
Dodge: Dodged            |    16 |    17 ||    33

Table legend:
 A = Spawn XP
 B = Non-spawn XP
 C = Spawn XP percentage of total XP
 D = Spawn monster count
 E = Non-spawn monster count
 F = Spawn count percentage of total count
 G = Total turns spent on level
                    A         B        C        D         E        F      G
               +---------+---------+-------+---------+---------+-------+---------
         Total |       3 |     152 |   1.9 |       2 |      31 |   6.1 |  1755
               +---------+---------+-------+---------+---------+-------+---------
           D:1 |       2 |      47 |   4.1 |       1 |      17 |   5.6 |   936
           D:2 |       1 |     105 |   0.9 |       1 |      14 |   6.7 |   819
               +---------+---------+-------+---------+---------+-------+---------
